 Dungeon Crawl Stone Soup version 0.28.0 (webtiles) character file.

Game seed: 12381477811035191997

3 SnakkuSnakku7 the Magician (level 1, 0/11 HPs)
             Began as a Deep Elf Transmuter on Feb 8, 2022.
             Slain by a hobgoblin (1 damage)
             ... on level 1 of the Dungeon.
             The game lasted 00:00:20 (121 turns).

SnakkuSnakku7 the Magician (Deep Elf Transmuter)     Turns: 121, Time: 00:00:21

Health: 0/11       AC:  2    Str:  7    XL:     1   Next: 41%
Magic:  5/6        EV: 12    Int: 17    God:
Gold:   22         SH:  0    Dex: 15    Spells: 5/6 levels left

rFire   . . .      SeeInvis .     - Unarmed
rCold   . . .      Faith    .   (no shield)
rNeg    . . .      Spirit   .   a - +0 robe
rPois   .          Reflect  .   (helmet currently unavailable)
rElec   .          Harm     .   (no cloak)
rCorr   .          Rampage  .   (no gloves)
Will    .....                   (boots currently unavailable)
Stlth   +.........              (no amulet)
HPRegen 0.03/turn               (no ring)
MPRegen 0.10/turn               (no ring)

@: appendages
A: horns 2, talons 2
a: End Transformation


You were on level 1 of the Dungeon.
You had temporarily grown beastly horns and talons.
You visited 1 branch of the dungeon, and saw 1 of its levels.

You collected 22 gold pieces.

Inventory:

Armour
 a - a +0 robe (worn)
Scrolls
 b - a scroll of teleportation {unknown}
 c - 2 scrolls of identify {unknown}
Potions
 d - a potion of curing {unknown}
 e - a potion of haste {unknown}


   Skills:
 - Level 0.7 Fighting
 - Level 2.4 Dodging
 + Level 2.5 Unarmed Combat
 - Level 3.0 Spellcasting
 + Level 2.3 Transmutations


You had 5 spell levels left.
You knew the following spells:

 Your Spells              Type           Power      Damage    Failure   Level
a - Beastly Appendage     Tmut           20%        N/A       7%          1

Your spell library contained the following spells:

 Spells                   Type           Power      Damage    Failure   Level
 Wereblood                Tmut           10%        N/A       10%         2
 Spider Form              Tmut/Pois      6%         N/A       32%         3
 Ice Form                 Ice/Tmut       6%         N/A       71%         4


Dungeon Overview and Level Annotations

Branches:
Dungeon (1/15)

Altars:


Innate Abilities, Weirdness & Mutations

You have temporarily grown beastly horns and talons.


Message History

A bat comes into view.
Found a scroll labelled NEN EZERHE.
Your horns disappear.
Your talons disappear.
No target in view!
No target in view!
No target in view!
Casting: Beastly Appendage (safe; 7% risk of failure)
Confirm with . or Enter, or press ? or * to list all spells.
You grow a pair of large bovine horns.
Your feet morph into talons.
The helpless goblin fails to defend itself.
You hit the goblin.
You kill the goblin!
Your transformation is almost over.
The bat misses you.
You hit the bat but do no damage. You claw the bat.
You kill the bat!
No target in view!
You see here a bat corpse.
c - 2 scrolls labelled NEN EZERHE (gained 1)
Your horns disappear.
Your talons disappear.
You now have 22 gold pieces (gained 6).
Found a club.
You see here a +0 club.
e - a puce potion A hobgoblin comes into view.
The hobgoblin shouts!
A hobgoblin is nearby!
You closely miss the hobgoblin. The hobgoblin hits you.
You hit the hobgoblin but do no damage. Your punch misses the hobgoblin.
The hobgoblin hits you.
You closely miss the hobgoblin. The hobgoblin hits you.
* * * LOW HITPOINT WARNING * * *
You hit the hobgoblin.
The hobgoblin is severely wounded.
The hobgoblin closely misses you.
Casting: Beastly Appendage (safe; 7% risk of failure)
Confirm with . or Enter, or press ? or * to list all spells.
You grow a pair of large bovine horns.
Your feet morph into talons.
The hobgoblin hits you.
You die...

#...##......#.#
###..#.##...#..#.#
##...##.........#.#
.....#...#.####.#.#
###...#.#......#.#
#..⌠†...)..###.#
##..#......# #.#
##...########.#
##### #.@..#
#######g####
#.......# #.#######


You could see a hobgoblin.

Vanquished Creatures
  A goblin (D:1)
  A bat (D:1)
  A frilled lizard (D:1)
  A rat (D:1)
4 creatures vanquished.

Notes
Turn   | Place    | Note
-------+----------+-------------------------------------------
     0 | D:1      | SnakkuSnakku7 the Deep Elf Transmuter began the quest for
                  | the Orb.
     0 | D:1      | Reached XP level 1. HP: 11/11 MP: 6/6
   121 | D:1      | Slain by a hobgoblin

Illustrated notes

Levels and vault maps discovered:
D:1:      dpeg_arrival_central, layout_basic, hangedman_feature_mirror

Action                   || total
-------------------------++-------
Melee: Unarmed           ||    10
       Kick              ||     1
 Cast: Beastly Appendage ||     3
 Stab: Sleeping          ||     1
Dodge: Dodged            ||     5
